 Dungeon Crawl Stone Soup version 0.28-a0-691-gad6df49e81 (webtiles) character file.

Game seed: 6948842515321607730

35 sanka the Unweaver (level 3, 0/31 HPs)
             Began as a Palentonga Abyssal Knight on Oct 21, 2021.
             Was a Follower of Lugonu.
             Succumbed to an adder's poison
             ... on level 2 of the Dungeon.
             The game lasted 00:02:01 (1177 turns).

sanka the Unweaver (Palentonga Abyssal Knight)      Turns: 1177, Time: 00:02:02

Health: 0/31       AC:  4    Str: 17    XL:     3   Next: 16%
Magic:  5/5        EV:  9    Int: 10    God:    Lugonu [*.....]
Gold:   5          SH:  0    Dex: 10    Spells: 2/2 levels left

rFire   . . .      SeeInvis +   j - +0 war axe
rCold   . . .      Faith    .   (no shield)
rNeg    . . .      Spirit   .   b - +0 leather armour
rPois   .          Reflect  .   (no helmet)
rElec   .          Harm     .   (no cloak)
rCorr   .          Rampage  .   (no gloves)
Will    .....                   (no barding)
Stlth   +.........              (no amulet)
HPRegen 0.10/turn               (no ring)
MPRegen 0.09/turn               (no ring)

@: mighty, lethally poisoned (0 -> -6)
A: large, rugged brown scales 3, see invisible, deformed body, roll 1, armoured
tail
a: Rolling Charge, Renounce Religion, Depart the Abyss


You were on level 2 of the Dungeon.
You worshipped Lugonu.
Lugonu was aware of your devotion.
You visited 1 branch of the dungeon, and saw 2 of its levels.
You visited the Abyss 1 time.

You collected 5 gold pieces.


Innate Abilities, Weirdness & Mutations

You are completely covered in rugged brown scales. (AC +3, +7% HP)
You have supernaturally acute eyesight. (SInv)
Armour fits poorly on your strangely shaped body.
You can roll at nearby foes to attack.
You have a long armoured tail.


   Skills:
 - Level 3.0 Fighting
 + Level 2.1 Axes
 - Level 1.5 Armour
 - Level 0.7 Dodging
 + Level 3.8 Invocations


You had 2 spell levels left.
You didn't know any spells.
Your spell library was empty.

Inventory:

Hand Weapons
 a - a +1 hand axe
 j - a +0 war axe (weapon)
Missiles
 d - 39 poisoned darts
Armour
 b - a +0 leather armour (worn)
Scrolls
 c - 3 scrolls of identify {unknown}
 e - a scroll of fear {unknown}
 f - a scroll of enchant armour {unknown}
 i - a scroll of amnesia {unknown}
Potions
 g - a potion of berserk rage {unknown}

Dungeon Overview and Level Annotations

Branches:
Dungeon (2/15)

Altars:

▒..▒ ▒▒ ▒..▒
.. ▒..▒ .▒
▒..▒ .▒ ▒..▒
.▒ ▒..▒ .▒
▒..▒▒▒▒b▒
▒.....H.▒▒
▒▒<...........
▒▒▒▒▒▒▒▒▒▒..▒
▒


You could see a bat.


Message History

* * * LOW HITPOINT WARNING * * *
You are more poisoned.
The adder poisons you! The adder bites you but does no damage.
You closely miss the adder.
The adder is heavily wounded.
* * * LOW HITPOINT WARNING * * *
You feel very sick. The adder barely misses you. The adder bites you.
* * * LOW HITPOINT WARNING * * *
You are more poisoned.
The adder poisons you!
You hit the adder. You tail-slap the adder.
You kill the adder!
Lugonu accepts your kill.
* * * LOW HITPOINT WARNING * * *
You feel sick. The bat hits you.
* * * LOW HITPOINT WARNING * * *
You have reached level 3!
Your experience leads to an increase in your attributes!
Increase (s)trength, (i)ntelligence, or (d)exterity?
You feel stronger.
Unknown command.
Unknown command.
It was a potion of might.
You feel very mighty all of a sudden.
You die...

Action                   || total
-------------------------++-------
Melee: Hand axe          ||    53
       Tailslap          ||     8
       War axe           ||    10
Invok: Depart the Abyss  ||     1
  Use: Potion            ||     1
Armor: Leather armour    ||    28
Dodge: Dodged            ||    38

Levels and vault maps discovered:
D:1:      mrwooster_arrival_statue_3, layout_basic,
          ebering_ecumenical_altar_sacrificial
D:2:      layout_loops_ring, uniq_crazy_yiuf_cottage

Notes
Turn   | Place    | Note
-------+----------+-------------------------------------------
     0 | Abyss:1  | sanka the Palentonga Abyssal Knight began the quest for the
                  | Orb.
     0 | Abyss:1  | Reached XP level 1. HP: 19/19 MP: 2/2
     0 | Abyss:1  | Found a corrupted altar of Lugonu.
    22 | Abyss:1  | Found a radiant altar of Vehumet.
    57 | Abyss:1  | Noticed an orange demon
    65 | D:1      | Escaped the Abyss
   251 | D:1      | Reached * piety under Lugonu
   282 | D:1      | Found a faded altar of an unknown god.
   364 | D:1      | Reached XP level 2. HP: 22/25 MP: 4/4
   420 | D:1      | Reached skill level 3 in Invocations
  1176 | D:2      | HP: 2/25 [bat (1)]
  1177 | D:2      | Reached XP level 3. HP: 2/31 MP: 5/5
  1177 | D:2      | Succumbed to an adder's poison

Vanquished Creatures
  An adder (D:2)
  A dart slug (D:1)
  4 bats (D:1)
  3 endoplasms (D:1)
  2 goblins (D:1)
  2 hobgoblins (D:1)
  2 quokkas
  A ball python (D:1)
  3 frilled lizards (D:1)
  2 kobolds (D:1)
  2 rats (D:1)
23 creatures vanquished.
